 Dungeon Crawl Stone Soup version 0.29.0-13-gc9e81de378 (webtiles) character file.

Game seed: 9070798726599051344

260 Powertoast the Shooter (level 5, -2/46 HPs)
             Began as a Minotaur Hunter on Sept 9, 2022.
             Shot with an arrow by a centaur (13 damage)
             ... on level 5 of the Dungeon.
             The game lasted 00:09:24 (3459 turns).

Powertoast the Shooter (Minotaur Hunter)            Turns: 3459, Time: 00:09:25

Health: -2/46      AC:  3    Str: 14 (16) XL:     5   Next: 95%
Magic:  4/4        EV: 12    Int:  5 (6)  God:
Gold:   134        SH:  0    Dex: 13 (15) Spells: 4/4 levels left

rFire   . . .      SeeInvis .   a - +0 shortbow
rCold   + . .      Faith    .   (shield currently unavailable)
rNeg    . . .      Spirit   .   c - +0 leather armour
rPois   .          Reflect  .   (helmet restricted)
rElec   .          Harm     .   (no cloak)
rCorr   .          Rampage  .   (no gloves)
Will    .....                   (no boots)
Stlth   +.........              (no amulet)
HPRegen 0.15/turn               t - ring of protection from cold
MPRegen 0.09/turn               (no ring)

@: brilliant
A: horns 2, retaliatory headbutt
a: no special abilities


You were on level 5 of the Dungeon.
You visited 1 branch of the dungeon, and saw 5 of its levels.

You collected 134 gold pieces.

Inventory:

Hand Weapons
 a - a +0 shortbow (weapon)
 b - a +3 dagger of pain
Armour
 c - a +0 leather armour (worn)
 m - the +1 robe "Orupiw" {-Tele rElec rF+}
   (You found it on level 2 of the Dungeon)

   rF:        It protects you from fire.
   rElec:     It insulates you from electricity.
   -Tele:     It prevents most forms of teleportation.
Jewellery
 t - a ring of protection from cold (left hand)
Scrolls
 d - a scroll of blinking {unknown}
 h - 2 scrolls of noise
 j - a scroll of magic mapping {unknown}
 k - a scroll of poison {unknown}
 l - a scroll of torment {unknown}
 q - a scroll of vulnerability {unknown}
 r - 2 scrolls of immolation
 s - a scroll of fear
 u - a scroll of identify {unknown}
 y - a scroll of teleportation {unknown}
 A - a scroll of amnesia {unknown}
Potions
 e - 3 potions of brilliance
 f - a potion of attraction {unknown}
 g - 2 potions of heal wounds {unknown}
 i - a potion of degeneration
 n - a potion of ambrosia {unknown}
 o - 4 potions of curing {unknown}
 p - a potion of lignification {unknown}
 v - 2 potions of invisibility {unknown}
 w - a potion of berserk rage
 x - a potion of might {unknown}
 z - a potion of flight {unknown}


   Skills:
 + Level 4.2 Fighting
 * Level 7.2 Ranged Weapons
 - Level 2.1 Dodging
 - Level 0.7 Stealth


You had 4 spell levels left.
You didn't know any spells.
Your spell library contained the following spells:

 Spells                   Type           Power      Damage    Failure   Level
 Summon Forest            Summ/Tloc      0%         N/A       100%        5
 Eringya's Noxious Bog    Tmut/Pois      0%         N/A       100%        6
 Summon Hydra             Summ           0%         N/A       100%        7


Dungeon Overview and Level Annotations

Branches:
Dungeon (5/15)
 Temple: D:4-7

Altars:
Qazlal

Annotations:
D:4 Sigmund


Innate Abilities, Weirdness & Mutations

You have a pair of horns on your head.
You reflexively headbutt those who attack you in melee.


Message History

You are no longer poisoned.
HP restored.
You see here a scorpion corpse.
Found 8 stones.
A centaur comes into view.
The centaur shouts!
You hear an angry growl.
The centaur wields a +0 shortbow.
The centaur shoots an arrow.
The arrow completely misses you.
The centaur shoots an arrow.
The arrow closely misses you.
You shoot an arrow. The arrow barely misses the centaur.
The centaur shoots an arrow.
The arrow hits you!
The centaur shoots an arrow.
The arrow closely misses you.
You shoot an arrow. The arrow hits the centaur.
The centaur is moderately wounded.
The centaur shoots an arrow.
The arrow hits you.
A black bear comes into view.
The centaur shoots an arrow.
The arrow barely misses you.
The black bear growls angrily.
You shoot an arrow. The arrow barely misses the centaur.
The arrow hits the black bear.
The black bear is moderately wounded.
The centaur shoots an arrow.
The arrow hits you.
You hear a loud, deep croak!
The centaur shoots an arrow.
The arrow hits you.
The centaur shoots an arrow.
The arrow closely misses you.
The centaur shoots an arrow.
The arrow hits you.
The centaur shoots an arrow.
The arrow hits you!
The centaur shoots an arrow.
The arrow closely misses you.
The centaur shoots an arrow.
The arrow barely misses you.
The centaur shoots an arrow.
The arrow hits you.
* * * LOW HITPOINT WARNING * * *
The centaur shoots an arrow.
The arrow closely misses you.
It was a potion of brilliance.
You feel clever all of a sudden.
The centaur shoots an arrow.
The arrow barely misses you.
It was a potion of degeneration.
There was something very wrong with that liquid.
You feel weakened.
You feel dopey.
You feel clumsy.
The centaur shoots an arrow.
The arrow hits you!
You die...

# # ### .# ..##
#####.#### ...# ####
#######.........
...##. ##...
..(.....c...#
........ ...#
#######.##[.#
...##.## #..#
#########.# ..# ##.#
# #..# #......c..#
.h# ##.## #..#
#@######### ..c
##... #..###.# ...#
##..# #......# ...#
#.##### ###.####
...# #.....# ##†##
#.....####...#####
#................#
###.....####...###.#
........# ##.##


You could see a centaur.

Vanquished Creatures
  A scorpion (D:5)
  An orc priest (D:4)
  Jessica (D:3)
  An orc wizard (D:4)
  5 adders
  4 dart slugs
  12 orcs
  4 ball pythons
  4 endoplasms
  2 giant cockroaches
  4 goblins
  5 hobgoblins
  5 kobolds
  3 quokkas
  3 bats (D:2)
  2 frilled lizards
  7 rats
64 creatures vanquished.

Notes
Turn   | Place    | Note
-------+----------+-------------------------------------------
     0 | D:1      | Powertoast the Minotaur Hunter began the quest for the Orb.
     0 | D:1      | Reached XP level 1. HP: 18/18 MP: 0/0
   151 | D:1      | Reached XP level 2. HP: 25/25 MP: 1/1
   259 | D:1      | Reached skill level 5 in Ranged Weapons
   768 | D:2      | Reached XP level 3. HP: 23/30 MP: 2/2
  1178 | D:2      | Found a faded altar of an unknown god.
  1191 | D:2      | Identified the +1 leather armour "Upheu" {Will+}
  1240 | D:2      | Identified the +1 robe "Orupiw" {-Tele rElec rF+}
  1651 | D:3      | Reached skill level 6 in Ranged Weapons
  1651 | D:3      | Reached XP level 4. HP: 34/37 MP: 3/3
  1685 | D:3      | Found a stormy altar of Qazlal.
  1699 | D:3      | Noticed Jessica
  1701 | D:3      | Killed Jessica
  1941 | D:3      | You fall into a shaft and drop 1 floor!
  2243 | D:4      | Noticed Sigmund
  2314 | D:4      | Reached XP level 5. HP: 35/45 MP: 4/4
  3103 | D:4      | Noticed an ogre
  3141 | D:5      | Entered Level 5 of the Dungeon
  3329 | D:5      | Reached skill level 7 in Ranged Weapons
  3443 | D:5      | Noticed a centaur
  3445 | D:5      | Noticed a black bear
  3459 | D:5      | Shot with an arrow by a centaur

Illustrated notes

Levels and vault maps discovered:
D:1:      mushboom_english_gardens, layout_basic, minmay_fountain_box
D:2:      layout_basic, shapermc_ecumenical_altar_notcrosses
D:3:      layout_basic, mainiacjoe_overflow_catwalk, uniq_jessica
D:4:      layout_basic, minmay_temple_entry_grid, uniq_natasha, uniq_sigmund,
          uniq_eustachio
D:5:      layout_loops_ring, serial_shops, nicolae_shop_stone,
          minmay_manual_mares

Skill      XL: |  1  2  3  4  5 |
---------------+----------------+-----
Ranged Weapons | 5 6 7 |  7.2
Fighting       | 3 4 |  4.2
Dodging        | |  2.1
Stealth        | |  0.7

Action                   |  1- 3 |  4- 6 || total
-------------------------+-------+-------++-------
 Fire: Shortbow          |    96 |   102 ||   198
  Use: Scroll            |       |     2 ||     2
       Potion            |       |     2 ||     2
Armor: Leather armour    |    14 |    10 ||    24
Dodge: Dodged            |    15 |    45 ||    60
